 Dungeon Crawl Stone Soup version 0.29.1-12-g30fa7ad0bf (webtiles) character file.

Game seed: 12545547173705036158

54 mortz the Trooper (level 3, -3/24 HPs)
             Began as a Gargoyle Monk on Dec 25, 2022.
             Slain by Pargi (6 damage)
             ... on level 2 of the Dungeon.
             The game lasted 00:09:14 (1904 turns).

mortz the Trooper (Gargoyle Monk)                   Turns: 1904, Time: 00:09:15

Health: -3/24      AC: 12    Str: 16    XL:     3   Next: 91%
Magic:  3/3        EV:  7    Int: 10    God:
Gold:   172        SH:  0    Dex: 12    Spells: 2/2 levels left

rFire   . . .      SeeInvis .   a - +0 hand axe
rCold   . . .      Faith    .   (no shield)
rNeg    + . .      Spirit   .   l - +0 chain mail
rPois   ∞          Reflect  .   g - +0 helmet
rElec   +          Harm     .   (no cloak)
rCorr   .          Rampage  .   (no gloves)
Will    .....                   (no boots)
Stlth   ..........              (no amulet)
HPRegen 0.08/turn               (no ring)
MPRegen 0.08/turn               (no ring)

@: no status effects
A: sickness immunity, AC +3, negative energy resistance 1, electricity
resistance, torment resistance 1, petrification resistance
a: no special abilities


You were on level 2 of the Dungeon.
You visited 1 branch of the dungeon, and saw 3 of its levels.

You collected 172 gold pieces.

Inventory:

Hand Weapons
 a - a +0 hand axe (weapon)
 b - a +0 sling
 k - a +0 morningstar
Missiles
 o - 4 boomerangs
 p - 11 poisoned darts (quivered)
Armour
 g - a +0 helmet (worn)
 h - a +0 leather armour
 l - a +0 chain mail (worn)
Scrolls
 d - a scroll of magic mapping
 i - 2 scrolls of identify
 j - 2 scrolls of teleportation {unknown}
 m - a scroll of brand weapon {unknown}
 n - a scroll of amnesia {unknown}
 q - a scroll of poison {unknown}
Potions
 c - a potion of ambrosia
 e - a potion of flight {unknown}
 f - a potion of cancellation


   Skills:
 + Level 3.9 Fighting
 * Level 3.8 Axes
 + Level 0.4 Ranged Weapons
 - Level 2.4 Dodging
 - Level 2.1 Stealth


You had 2 spell levels left.
You didn't know any spells.
Your spell library contained the following spells:

 Spells                   Type           Power      Damage    Failure   Level
 Slow                     Hex            0%         N/A       100%        1
 Confusing Touch          Hex            0%         N/A       100%        3
 Dazzling Flash           Conj/Hex       0%         N/A       100%        3
 Vampiric Draining        Necr           0%         2d6       100%        3
 Agony                    Necr           0%         N/A       100%        5
 Silence                  Hex/Air        0%         N/A       100%        5
 Malign Gateway           Summ/Tloc      0%         N/A       100%        7
 Summon Horrible Things   Summ           0%         N/A       100%        8


Dungeon Overview and Level Annotations

Branches:
Dungeon (3/15) Zot: 16060

Altars:

Annotations:
D:2 Pargi


Innate Abilities, Weirdness & Mutations

You are immune to sickness and miasma.
Your stone body is resilient. (AC +3)
You are immune to poison.
You resist negative energy. (rN+)
You are resistant to electric shocks. (rElec)
You are resistant to unholy torment.
You are immune to petrification.


Message History

No target in view!
b - a +0 sling (weapon)
There is a stone staircase leading up here.
Pargi and a kobold come into view.
Pargi shouts!
Fire: b) +0 sling
Press: ? - help, Q - select action, (/) - cycle Shift-Dir - straight line, f - Pargi
Aim: Pargi (45% to hit)
You shoot a sling bullet. The sling bullet closely misses Pargi.
The kobold throws a stone.
There is a stone staircase leading up here.
You shoot a sling bullet. The sling bullet hits Pargi!
Pargi is lightly wounded.
You shoot a sling bullet. The sling bullet hits Pargi.
Pargi is moderately wounded.
Pargi claws you. Pargi completely misses you. x2
You climb upwards.
There is a stone staircase leading down here.
a - a +0 hand axe (weapon)
Pargi bites you! Pargi claws you.
You closely miss Pargi.
Pargi is lightly wounded.
You barely miss Pargi.
Pargi is lightly wounded.
You completely miss Pargi.
Pargi is lightly wounded.
Pargi bites you. Pargi claws you. x2
You are too injured to fight recklessly!
You are too injured to fight recklessly!
You are too injured to fight recklessly!
You closely miss Pargi.
Pargi is lightly wounded.
Pargi bites you.
* * * LOW HITPOINT WARNING * * *
Pargi barely misses you.
As you read the scroll labelled DEDUTTE RANN, it crumbles to dust.
You feel momentarily disoriented.
It was a scroll of magic mapping.
Pargi bites you.
You die...

#### ######## ###... ##<(....##
###..... ##........###.....[.
########.............≈≈≈≈≈.
#.....##...........≈≈≈≈≈≈≈≈ ###
#####..#....>.....#≈≈≈≈≈≈≈≈
#.##########...........(####≈≈≈≈≈
#>..............@T.....#.#.#≈≈≈≈#
#.#..##########<......≈##..#≈≈≈##
#.#..# #........≈#...#≈≈≈#.
#.#..# #........≈###.#####.
.....## #........≈≈#........
......## ##).......≈≈#####.###
.......# #..........≈≈≈≈≈#.#≈≈
.......# ##.#........≈≈≈≈≈#.#≈≈
)....>.#####..#.......†.≈≈≈≈#.#≈≈


You could see Pargi.

Vanquished Creatures
  An adder (D:2)
  A worm (D:2)
  3 orcs
  3 ball pythons
  A bat (D:3)
  3 endoplasms
  2 giant cockroaches (D:2)
  5 goblins (D:2)
  3 hobgoblins (D:2)
  2 jackals (D:1)
  2 quokkas
  2 frilled lizards (D:2)
  6 kobolds
  3 rats
37 creatures vanquished.

Vanquished Creatures (others)
  A hobgoblin (D:2)
1 creature vanquished.

Grand Total: 38 creatures vanquished

Notes
Turn   | Place    | Note
-------+----------+-------------------------------------------
     0 | D:1      | mortz the Gargoyle Monk began the quest for the Orb.
     0 | D:1      | Reached XP level 1. HP: 14/14 MP: 1/1
   485 | D:1      | Reached XP level 2. HP: 13/19 MP: 2/2
  1148 | D:2      | Reached XP level 3. HP: 24/24 MP: 3/3
  1518 | D:2      | Found a faded altar of an unknown god.
  1889 | D:3      | Noticed Pargi
  1904 | D:2      | Slain by Pargi

Illustrated notes

Levels and vault maps discovered:
D:1:      onia_arrival_mini_spirals, layout_rooms, minmay_misc_feat_square,
          nrook_uturn, minmay_misc_feat_hallway
D:2:      layout_rooms, ebering_ecumenical_altar_webs, grunt_decor_junction,
          guppyfry_early_orc_mine
D:3:      layout_basic, ebering_ghost_disaster_area, feat_on_display,
          uniq_grinder, uniq_pargi

Skill      XL: |  1 |
---------------+----+-----
Axes           | 3 |  3.8
Fighting       | |  3.9
Ranged Weapons | |  0.4
Dodging        | |  2.4
Stealth        | |  2.1

Action                   || total
-------------------------++-------
Melee: Hand axe          ||   129
       Punch             ||     1
 Fire: Sling             ||    23
Throw: Stone             ||     1
       Dart              ||     3
  Use: Scroll            ||     2
 Stab: Sleeping          ||     1
Armor: Robe              ||     8
       Leather armour    ||     1
       Chain mail        ||    89
Dodge: Dodged            ||    78
